 Dungeon Crawl Stone Soup version 0.31-a0-1227-g0136665373 (webtiles) character file.

Game seed: 12125774203752526598

28 gelatine the Trooper (level 2, 0/27 HPs)
             Began as a Minotaur Fighter on Dec 14, 2023.
             Slain by a gnoll
             ... wielding a +0 halberd
              (10 damage)
             ... on level 2 of the Dungeon.
             The game lasted 00:02:04 (693 turns).

gelatine the Trooper (Minotaur Fighter)              Turns: 693, Time: 00:02:05

Health: 0/27       AC:  5    Str: 20    XL:     2   Next: 96%
Magic:  1/1        EV: 10    Int:  3    God:
Gold:   71         SH:  4    Dex:  9    Spells: 1/1 levels left

rFire   . . .        a - +0 war axe
rCold   . . .        c - +0 buckler
rNeg    + + +        i - +2 leather armour of Untold Secrets {^Contam Rampage rN+++ Int-2 Stlth+}
rPois   .            (helmet restricted)
rElec   .            (no cloak)
rCorr   .            (no gloves)
SInv    .            (no boots)
Will    .....        (no amulet)
Stlth   ++           (no ring)
HPRegen 0.24/turn    (no ring)
MPRegen 0.07/turn

%: rampage
@: no status effects
A: horns 2, retaliatory headbutt
a: no special abilities


You were on level 2 of the Dungeon.
You visited 1 branch of the dungeon, and saw 2 of its levels.

You collected 71 gold pieces.

Inventory:

Hand Weapons
 a - a +0 war axe (weapon)
Armour
 b - a +0 scale mail
 c - a +0 buckler (worn)
 i - the +2 leather armour of Untold Secrets (worn) {^Contam Rampage rN+++ Int-2 Stlth+}
   (You found it on level 2 of the Dungeon)

   Int-2:     It affects your intelligence (-2).
   rN+++:     It renders you almost immune to negative energy.
   ^Contam:   It causes magical contamination when unequipped.
   Rampage:   It bestows one free step when moving towards enemies.
   Stlth+:    It makes you more stealthy.
Scrolls
 e - a scroll of silence {unknown}
 g - a scroll of blinking {unknown}
 h - a scroll of fear {unknown}
Potions
 d - 2 potions of might
 f - a potion of heal wounds {unknown}


   Skills:
 * Level 4.1 Fighting
 * Level 2.8 Axes
 * Level 4.0 Armour
 * Level 0.3 Dodging
 * Level 4.0 Shields


You had one spell level left.
You didn't know any spells.
Your spell library was empty.

Dungeon Overview and Level Annotations

Branches:
Dungeon (2/15)

Altars:


Innate Abilities, Weirdness & Mutations

You have a pair of horns on your head.
You reflexively headbutt those who attack you in melee.


Message History

You block the quokka's attack. x2
You miss the quokka. Your headbutt misses the quokka.
The quokka is moderately wounded.
The quokka closely misses you. You furiously retaliate!
You headbutt the quokka!
You kill the quokka!
Your Shields skill increases to level 4!
You see here the +2 leather armour of Untold Secrets {^Contam Rampage rN+++ Int-2 Stlth+}.
You start removing your armour.
You continue taking off your +0 scale mail. x4
HP restored.
You finish taking off your +0 scale mail.
You start putting on your armour.
You continue putting on the +2 leather armour of Untold Secrets {^Contam Rampage rN+++ Int-2 Stlth+}. x5
You finish putting on the +2 leather armour of Untold Secrets {^Contam Rampage rN+++ Int-2 Stlth+}.
You feel stupid.
You feel a build-up of mutagenic energy.
You feel ready to rampage towards enemies.
A gnoll comes into view.
It is wielding a +0 halberd. 2 gnolls come into view.
The gnoll shouts! x2
The gnoll moves out of view.
The gnoll shouts!
You rampage towards the gnoll!
A frilled lizard comes into view.
Found a scroll labelled ANIOXA SUMULO.
An adder comes into view.
The gnoll misses you. The gnoll barely misses you.
The gnoll hits you with a +0 whip.
You slash the gnoll!
The gnoll is heavily wounded.
You hit the gnoll. You barely miss the gnoll. The gnoll barely misses you.
You furiously retaliate!
You headbutt the gnoll. The gnoll hits you with a +0 halberd.
The gnoll hits you but does no damage.
A worm comes into view.
You slash the gnoll!
You kill the gnoll!
You barely miss the gnoll. x2; The gnoll hits you with a +0 halberd.
The gnoll hits you with a +0 whip. The gnoll hits you with a +0 halberd!
You die...

..... #.#..# .
....#.#..#
.........## #
.##.#.....##.###
#.####........
##.####.#..>..#
#.............#
..#...).........#
.......@g.......#
..#...g.....#####
........#####
....S.l.#
........#
........#
........#
.....w?.+


You could see a worm, 2 gnolls, an adder and a frilled lizard.

Vanquished Creatures
  A gnoll (D:2)
  2 dart slugs (D:1)
  2 endoplasms (D:1)
  2 giant cockroaches (D:1)
  4 hobgoblins (D:1)
  A quokka (D:2)
  6 bats (D:1)
  A frilled lizard (D:1)
  4 kobolds (D:1)
  A rat (D:1)
24 creatures vanquished.

Notes
Turn   | Place    | Note
-------+----------+-------------------------------------------
     0 | D:1      | gelatine the Minotaur Fighter began the quest for the Orb.
     0 | D:1      | Reached XP level 1. HP: 19/19 MP: 0/0
    45 | D:1      | Found a faded altar of an unknown god.
   139 | D:1      | Reached XP level 2. HP: 27/27 MP: 1/1
   676 | D:2      | Identified the +2 leather armour of Untold Secrets {^Contam
                  | Rampage rN+++ Int-2 Stlth+}
   693 | D:2      | Slain by a gnoll

Illustrated notes

Levels and vault maps discovered:
D:1:      wander_arrival_estate, layout_rooms, basic_ecumenical_altar,
          serial_rivers, chequers_serial_rivers_large_a,
          chequers_serial_rivers_micro_c, chequers_serial_rivers_micro_e,
          chequers_serial_rivers_room_a, chequers_serial_rivers_small_b,
          minmay_stone_trees_medium
D:2:      layout_basic, chequers_decorated_corner, kennysheep_generic_room_3

Skill      XL: |  1  2 |
---------------+-------+-----
Fighting       | 4 |  4.1
Armour         | 4 |  4.0
Shields        | 4 |  4.0
Axes           | |  2.8
Dodging        | |  0.3

Action                     || total
---------------------------++-------
  Melee: War axe           ||    43
         Headbutt          ||     4
 Armour: Scale mail        ||    38
         Leather armour    ||     6
  Dodge: Dodged            ||    17
  Block: Buckler           ||     7

Table legend: (Time is in decaauts)
 A = Elapsed time spent in this place.
 B = Non-inter-level travel time spent in this place.
 C = Inter-level travel time spent in this place.
 D = Time resting spent in this place.
 E = Time spent auto-exploring this place.
 F = Levels seen in this place.
 G = Mean time per level.
                   A        B        C        D        E       F      G
               +--------+--------+--------+--------+--------+-----+--------+
         Total |    718 |    681 |     37 |      0 |    542 |   2 |  359.0 |
       Dungeon |    718 |    681 |     37 |      0 |    542 |   2 |  359.0 |
               +--------+--------+--------+--------+--------+-----+--------+

Top non-repeatable levels by time:
     D:1: 680 daAuts
     D:2: 37 daAuts
